 Dungeon Crawl Stone Soup version 0.21.0 (webtiles) character file.

176 qepasa the Sneak (level 5, -1/41 HPs)
             Began as a Formicid Enchanter on Jan 8, 2018.
             Slain by an elf zombie (7 damage)
             ... in an ossuary.
             The game lasted 00:08:20 (3341 turns).

qepasa the Sneak (Formicid Enchanter)               Turns: 3341, Time: 00:08:20

Health: -1/41      AC:  8    Str: 14    XL:     5   Next: 86%
Magic:  0/8        EV: 11    Int: 14    God:
Gold:   139        SH:  0    Dex: 11    Spells: 4/8 levels left

rFire    . . .     SeeInvis +   a - +3 dagger
rCold    . . .     Gourm    .   (no shield)
rNeg     . . .     Faith    .   i - +0 ring mail
rPois    .         Spirit   .   (helmet unavailable)
rElec    .         Reflect  .   (no cloak)
rCorr    .         Harm     .   (no gloves)
MR       .....                  k - +2 pair of boots
Stlth    +++.......             (no amulet)
HPRegen  0.13/turn              o - ring of stealth
MPRegen  0.11/turn              (no ring)

@: very slightly contaminated
A: permanent stasis, dig shafts and tunnels, four strong arms, antennae 3
a: Dig, Shaft Self


You were in an ossuary.
You were near starving.

You visited 1 branch of the dungeon, and saw 4 of its levels.
You also visited: Ossuary.

You collected 139 gold pieces.

Inventory:

Hand Weapons
 a - a +3 dagger (weapon)
 q - a +0 falchion
Armour
 i - a +0 ring mail (worn)
 k - a +2 pair of boots (worn)
Jewellery
 o - a ring of stealth (left hand)
Wands
 r - a wand of flame (28)
Scrolls
 e - a scroll of remove curse
 f - a scroll of fear {unknown}
 g - 3 scrolls of teleportation {unknown}
 h - 3 scrolls of amnesia {unknown}
 l - 2 scrolls of identify {unknown}
 n - a scroll of immolation {unknown}
 p - a scroll of enchant weapon {unknown}
Potions
 b - 2 potions of heal wounds {unknown}
 j - a potion of curing {unknown}
 m - a potion of magic {unknown}
Books
 c - a book of Maledictions

   Spells                             Type                      Level
   a - Corona                         Hexes                        1
   b - Ensorcelled Hibernation        Hexes/Ice                    2
   c - Confuse                        Hexes                        3
   d - Tukima's Dance                 Hexes                        3
   e - Dazzling Spray                 Conjuration/Hexes            3
Comestibles
 d - 7 rations


   Skills:
 - Level 3.1 Fighting
 - Level 1.0 Short Blades
 * Level 2.8 Armour
 - Level 2.0 Dodging
 * Level 5.2 Stealth
 - Level 2.1 Spellcasting
 - Level 3.6 Hexes


You had 4 spell levels left.
You knew the following spells:

 Your Spells              Type           Power        Failure   Level  Hunger
a - Corona                Hex            ##.....      11%         1    #......
b - Confuse               Hex            ##......     30%         3    ###....


Dungeon Overview and Level Annotations

Branches:
Dungeon (4/15)
 Temple: D:4-7

Altars:
Ru

Annotations:
D:1 Sigmund
D:3 Grinder


Innate Abilities, Weirdness & Mutations

You cannot be hasted, slowed, berserked, paralysed or teleported.
You can dig through walls and to a lower floor.
Your four strong arms can wield two-handed weapons with a shield.
You have a pair of large antennae on your head. (SInv)


Message History

The elf zombie hits you.
You hit the elf zombie.
The elf zombie is severely damaged.
The elf zombie hits you but does no damage.
You hit the elf zombie.
The elf zombie is severely damaged.
You closely miss the elf zombie.
The elf zombie is severely damaged.
The elf zombie hits you.
Casting: Confuse
Confirm with . or Enter, or press ? or * to list all spells.
Aiming: Corona
Press: ? - help, Shift-Dir - straight line, f/p - elf zombie
Aim: an elf zombie (severely damaged, chance to defeat MR: 55%)
The elf zombie is outlined in light.
The elf zombie barely misses you.
You puncture the elf zombie!
The elf zombie is severely damaged.
The elf zombie hits you!
You die...

#..Z.. { #....
#... #..# { {
#..+ #..##{
#...####{ {{
#...Z..########..
#..@.............
#........∩..∩....
#################


You could see an elf zombie.

Vanquished Creatures
  A hound (D:4)
  2 gnolls (D:2)
  6 adders
  3 worms
  5 dart slugs
  A leopard gecko (D:3)
  2 orcs
  A ball python (D:3)
  2 goblins
  4 hobgoblins
  4 jackals (D:2)
  5 quokkas (D:2)
  5 bats
  5 frilled lizards (D:1)
  A goblin zombie (Ossuary)
  3 kobolds
  A quokka skeleton (D:3)
  5 rats
  A rat zombie (Ossuary)
57 creatures vanquished.

Notes
Turn   | Place    | Note
-------+----------+-------------------------------------------
     0 | D:1      | qepasa the Formicid Enchanter began the quest for the Orb.
     0 | D:1      | Reached XP level 1. HP: 13/13 MP: 3/3
   153 | D:1      | Reached skill level 1 in Fighting
   350 | D:1      | Reached XP level 2. HP: 15/21 MP: 3/5
   771 | D:1      | You fall through a shaft!
   791 | D:2      | Reached XP level 3. HP: 23/28 MP: 6/6
   796 | D:2      | Learned a level 3 spell: Confuse
   900 | D:2      | Noticed Sigmund
  1349 | D:2      | Reached XP level 4. HP: 23/35 MP: 5/7
  1442 | D:2      | Reached skill level 1 in Armour
  1442 | D:2      | Reached skill level 4 in Stealth
  1625 | D:2      | Found a sacrificial altar of Ru.
  1989 | D:3      | Reached XP level 5. HP: 27/41 MP: 8/8
  2161 | D:3      | Noticed Grinder
  2901 | D:4      | Reached skill level 5 in Stealth
  2953 | D:4      | Found a sand-covered staircase.
  2960 | Ossuary  | Entered an ossuary
  3341 | Ossuary  | Slain by an elf zombie

Skill      XL: |  1  2  3  4  5 |
---------------+----------------+-----
Fighting       | 1 2 3 |  3.1
Dodging        | 2 |  2.0
Armour         | 1 2 |  2.8
Stealth        | 4 5 |  5.2
Short Blades   | |  1.0
Spellcasting   | |  2.1
Hexes          | |  3.6

Action                   |  1- 3 |  4- 6 || total
-------------------------+-------+-------++-------
Melee: Dagger            |   116 |   217 ||   333
 Cast: Corona            |    12 |    30 ||    42
       Confuse           |     1 |     7 ||     8
 Abil: Dig               |     1 |     5 ||     6
  Use: Scroll            |       |     1 ||     1
 Stab: Sleeping          |     3 |     8 ||    11
  Eat: Chunk             |     2 |     7 ||     9
Armor: Robe              |     4 |       ||     4
       Ring mail         |    38 |    93 ||   131
Dodge: Dodged            |    85 |   112 ||   197
